 Dungeon Crawl Stone Soup version 0.31-a0-37-g98a128e1d9 (webtiles) character file.

Game seed: 3768743042790391747

2398 billz999 the Trooper (level 9, -8/70 HPs)
             Began as a Djinni Ice Elementalist on May 16, 2023.
             Was a Follower of Makhleb.
             Mangled by a spriggan
             ... wielding a +0 trident
              (16 damage)
             ... in a bailey.
             The game lasted 00:16:51 (6445 turns).

billz999 the Trooper (Djinni Ice Elementalist)      Turns: 6445, Time: 00:16:52

Health: -8/70      AC:  4    Str:  7    XL:     9   Next: 74%
Gold:   454        EV: 14    Int: 27    God:    Makhleb [*.....] SH:  0 Dex: 14

rFire   + + .        x - +0 sling
rCold   x . .        (no shield)
rNeg    . . .        a - +0 robe
rPois   ∞            e - +0 helmet
rElec   .            (no cloak)
rCorr   +            y - +0 pair of gloves
SInv    .            (boots unavailable)
Will    .....        (no amulet)
Stlth   ++           f - ring of resist corrosion
HPRegen 0.31/turn    n - +6 ring of intelligence
MPRegen 0.00/turn

%: infuse magic (-9 HP)
@: flying
A: sickness immunity, fire resistance 2, cold vulnerability 1, float, innate
caster, HP casting, extra vitality 1
a: Renounce Religion


You were in a bailey.
You worshipped Makhleb.
Makhleb was aware of your devotion.
You visited 2 branches of the dungeon, and saw 8 of its levels.
You also visited: Bailey.

You collected 454 gold pieces.

Inventory:

Hand Weapons
 x - a +0 sling (weapon)
Armour
 a - a +0 robe (worn)
 e - a +0 helmet (worn)
 y - a +0 pair of gloves (worn)
 z - a +1 helmet
Jewellery
 f - a ring of resist corrosion (left hand)
 n - a +6 ring of intelligence (right hand)
 v - an amulet of regeneration
Wands
 q - a wand of acid (13)
 t - a wand of flame (9)
Scrolls
 b - 3 scrolls of teleportation
 h - a scroll of vulnerability
 j - a scroll of brand weapon
 k - a scroll of blinking
 l - 2 scrolls of fog
 o - 7 scrolls of enchant armour
 p - a scroll of enchant weapon
Potions
 c - a potion of magic {unknown}
 d - 2 potions of haste
 g - 3 potions of might
 i - 2 potions of lignification {unknown}
 m - 3 potions of degeneration {unknown}
 s - a potion of curing
 u - a potion of ambrosia {unknown}
 w - a potion of flight {unknown}
 A - a potion of resistance {unknown}


   Skills:
 - Level 7.9 Fighting
 + Level 5.5 Ranged Weapons
 - Level 4.9 Dodging
 - Level 1.5 Stealth
 - Level 5.2 Spellcasting


You knew the following spells:

 Your Spells              Type           Power      Damage    Failure   Level
a - Freeze                Ice            100%       1d10      1%          1
b - Frozen Ramparts       Ice            70%        1d11      2%          3
c - Ozocubu's Armour      Ice            35%        N/A       2%          3
d - Summon Ice Beast      Ice/Summ       35%        N/A       9%          4
e - Necrotise             Necr           100%       1d9       1%          1
f - Searing Ray           Conj           70%        2d7       1%          2
g - Ensorcelled Hibernat  Hex/Ice        70%        N/A       1%          2
h - Tukima's Dance        Hex            35%        N/A       2%          3
Your spell library was empty.

Dungeon Overview and Level Annotations

Branches:
Dungeon (7/15)             Temple (1/1) D:5          Bailey (1/1)

Altars:
Ashenzari
Cheibriados
Dithmenos
Fedhas
Makhleb
Nemelex Xobeh
Okawaru
Qazlal
Ru
Uskayaw
Yredelemnul
Zin

Annotations:
D:3 Grinder


Innate Abilities, Weirdness & Mutations

You are immune to sickness and miasma.
You are immune to poison.
Your flesh is very heat resistant. (rF++)
You are vulnerable to cold. (rC-)
You float through the air rather than walking.
You learn spells naturally, not from books.
Your magical power is your life essence.
You have superior vitality. (+4 MHP)


Message History

Confirm with . or Enter, or press ? or * to list all spells.
Aiming: Tukima's Dance (mildly dangerous; 2% risk of failure)
Press: ? - help, Shift-Dir - straight line, f/p - two-headed ogre
Aim: a two-headed ogre, wielding two +0 halberds (moderately wounded, ally target, chance to affect: 46%)
The two-headed ogre resists with some effort.
The spriggan hits your ice beast with a +0 spear!
The two-headed ogre hits you from afar with a +0 halberd!!
* * * LOW HITPOINT WARNING * * *
The two-headed ogre misses you.
Your ice beast hits the spriggan.
Your ice beast freezes the spriggan.
Casting: Tukima's Dance (mildly dangerous; 2% risk of failure)
Confirm with . or Enter, or press ? or * to list all spells.
Aiming: Tukima's Dance (mildly dangerous; 2% risk of failure)
Press: ? - help, Shift-Dir - straight line, f/p - two-headed ogre
Aim: a two-headed ogre, wielding two +0 halberds (moderately wounded, chance to affect: 46%)
The two-headed ogre resists with some effort.
* * * LOW HITPOINT WARNING * * *
The spriggan hits your ice beast with a +0 spear.
The two-headed ogre misses you. x2; Your ice beast misses the spriggan.
Casting: Tukima's Dance (mildly dangerous; 2% risk of failure)
Confirm with . or Enter, or press ? or * to list all spells.
Aiming: Tukima's Dance (mildly dangerous; 2% risk of failure)
Press: ? - help, Shift-Dir - straight line, f/p - two-headed ogre
Aim: a two-headed ogre, wielding two +0 halberds (moderately wounded, chance to affect: 46%)
The two-headed ogre resists with some effort.
* * * LOW HITPOINT WARNING * * *
The spriggan hits your ice beast with a +0 spear!
Your ice beast dies!
Your ice beast disappears in a puff of smoke!
You hear a shout!
Your frozen ramparts will break if you move.
Continue?
The frozen ramparts melt away as you move.
A spriggan comes into view. It is wielding a +0 spear.
You see here a +0 spear.
The spriggan hits you from afar with a +0 spear.
* * * LOW HITPOINT WARNING * * *
The spriggan hits you but does no damage.
A spriggan comes into view. It is wielding a +0 trident.
The spriggan hits you from afar with a +0 trident!
You die...

#########
##.......##
##.........##
#....~~~i...##
#..####@♣#♣#..##
♣......O##).##
#..♣♣♣♣♣i.♣#).#
♣.. ♣♣.i♣..# #.
#).#..# #
♣..#..# ♣..#..#
♣..#..# ..##..#


You could see a two-headed ogre and 3 spriggans.

Vanquished Creatures
  2 spriggans (Bailey)
  Menkaure (D:4)
  A water moccasin (D:5)
  2 black bears (D:5)
  3 ogres
  A centaur (D:5)
  A bullfrog (D:6)
  2 scorpions (D:6)
  A vampire bat (D:6)
  A hound (D:5)
  2 jellies
  5 orc priests
  An iguana (D:5)
  A sleepcap (D:6)
  5 orc wizards
  Robin (D:4)
  2 gnolls (D:7)
  6 adders
  A shadow imp (D:6)
  2 white imps
  An ufetubus (D:4)
  3 worms
  3 dart slugs
  32 orcs
  12 ball pythons
  11 endoplasms
  4 giant cockroaches
  11 goblins
  14 hobgoblins
  9 jackals
  6 quokkas
  7 bats
  6 frilled lizards
  8 kobolds
  6 rats
174 creatures vanquished.

Vanquished Creatures (collateral kills)
  A spriggan (Bailey)
  A water moccasin (D:6)
  2 vampire bats (D:6)
  A gnoll bouda (D:7)
  An orc priest (D:5)
  An orc wizard (D:6)
  An adder (D:6)
  A gnoll (D:7)
9 creatures vanquished.

Grand Total: 183 creatures vanquished

Notes
Turn   | Place    | Note
-------+----------+-------------------------------------------
     0 | D:1      | billz999 the Djinni Ice Elementalist began the quest for
                  | the Orb.
     0 | D:1      | billz999 set off with the following spells memorised:
                  | Freeze, Frozen Ramparts, Ozocubu's Armour, Summon Ice
                  | Beast.
     0 | D:1      | Reached XP level 1. HP: 15/15 MP: 0/0
    46 | D:1      | Reached skill level 1 in Fighting
    93 | D:1      | Reached XP level 2. HP: 21/22 MP: 0/0
   275 | D:1      | Reached skill level 2 in Fighting
   726 | D:1      | Reached XP level 3. HP: 25/29 MP: 0/0
   726 | D:1      | Learned a level 1 spell: Necrotise
  1032 | D:2      | Reached skill level 3 in Fighting
  1165 | D:2      | Found a basalt altar of Yredelemnul.
  1233 | D:2      | Reached XP level 4. HP: 31/35 MP: 0/0
  1355 | D:2      | Found a faded altar of an unknown god.
  1466 | D:2      | Identified the +6 chain mail of the Desolation of Salt
                  | {rElec rF- Str+3 Int+3}
  1687 | D:3      | Found a broken altar of Ashenzari.
  1697 | D:2      | Reached skill level 4 in Fighting
  1851 | D:3      | Reached XP level 5. HP: 32/41 MP: 0/0
  1851 | D:3      | Learned a level 2 spell: Searing Ray
  2085 | D:3      | Noticed Grinder
  2248 | D:3      | Reached skill level 5 in Fighting
  2436 | D:3      | Paralysed by Grinder for 3 turns
  2448 | D:3      | Paralysed by Grinder for 4 turns
  2735 | D:4      | Reached XP level 6. HP: 24/49 MP: 0/0
  2744 | D:4      | Noticed Menkaure
  2760 | D:3      | HP: 2/49 [white imp/puff of frost (7)]
  2958 | D:4      | Killed Menkaure
  2959 | D:4      | Reached skill level 6 in Fighting
  3316 | D:4      | Noticed Robin
  3323 | D:4      | Killed Robin
  3449 | D:4      | Reached XP level 7. HP: 52/57 MP: 0/0
  3449 | D:4      | Learned a level 2 spell: Ensorcelled Hibernation
  3779 | D:4      | Identified the +6 hand axe "Vusilirph" {vamp, rCorr}
  3921 | D:5      | Entered Level 5 of the Dungeon
  4467 | D:5      | Reached skill level 7 in Fighting
  4480 | D:5      | HP: 1/58 [centaur/+0 club (3)]
  4482 | D:5      | Reached XP level 8. HP: 11/64 MP: 0/0
  5088 | D:5      | Found a staircase to the Ecumenical Temple.
  5126 | Temple   | Entered the Ecumenical Temple
  5135 | Temple   | Became a worshipper of Makhleb the Destroyer
  5439 | D:6      | Reached skill level 5 in Spellcasting
  5537 | D:6      | Reached XP level 9. HP: 65/70 MP: 0/0
  5537 | D:6      | Learned a level 3 spell: Tukima's Dance
  5579 | D:6      | Reached skill level 1 in Ranged Weapons
  5606 | D:6      | Reached * piety under Makhleb
  6257 | D:7      | Found a flagged portal.
  6269 | Bailey   | Entered a bailey
  6364 | Bailey   | Reached skill level 5 in Ranged Weapons
  6431 | Bailey   | Noticed a two-headed ogre
  6445 | Bailey   | Mangled by a spriggan

Illustrated notes

Levels and vault maps discovered:
D:1:      eino_arrival_tree_alley, layout_basic
D:2:      layout_basic, basic_altar, serial_forest,
          infiniplex_forest_clump_diagonal, infiniplex_forest_corner_1,
          infiniplex_forest_end_1, infiniplex_forest_clump_double,
          infiniplex_forest_straight_2, infiniplex_forest_side_room,
          infiniplex_forest_pool, shapermc_ecumenical_altar_rom_forum,
          minmay_increasing_density
D:3:      layout_rooms, nicolae_ashenzari_skybound, st_stairs_6, uniq_grinder
D:4:      layout_rooms, portal_sewer_entry_b, minmay_fractal_squares_5,
          uniq_robin, uniq_menkaure
D:5:      layout_basic, minmay_temple_entry_glass
D:6:      layout_basic, roderic_batcave
D:7:      layout_rooms, nicolae_overflow_hallway_of_the_gods, enter_bailey_2,
          chequers_mini_garden
Temple:   cyrus_circular_temple
Bailey:   bailey_polearm_enchanted_keep_hellmonk, bailey

Skill      XL: |  1  2  3  4  5  6  7  8  9 |
---------------+----------------------------+-----
Fighting       | 1 2 3 4 5 6 7 |  7.9
Spellcasting   | 4 5 |  5.2
Dodging        | 3 4 |  4.9
Ranged Weapons | 5 |  5.5
Stealth        | |  1.5

Action                     |  1- 3 |  4- 6 |  7- 9 || total
---------------------------+-------+-------+-------++-------
  Melee: Unarmed           |     3 |     6 |     9 ||    18
   Fire: Sling             |       |       |     8 ||     8
   Cast: Freeze            |    69 |    71 |    20 ||   160
         Frozen Ramparts   |       |     8 |    30 ||    38
         Searing Ray       |       |    26 |    87 ||   113
         Ensorcelled Hiber |       |       |     5 ||     5
         Summon Ice Beast  |       |       |     9 ||     9
         Ozocubu's Armour  |       |       |     2 ||     2
         Tukima's Dance    |       |       |     5 ||     5
    Use: Scroll            |       |     5 |     2 ||     7
         Potion            |       |       |     4 ||     4
   Stab: Sleeping          |     1 |       |       ||     1
 Armour: Robe              |    10 |    14 |    35 ||    59
  Dodge: Dodged            |    32 |    34 |    61 ||   127

Table legend: (Time is in decaauts)
 A = Elapsed time spent in this place.
 B = Non-inter-level travel time spent in this place.
 C = Inter-level travel time spent in this place.
 D = Time resting spent in this place.
 E = Time spent auto-exploring this place.
 F = Levels seen in this place.
 G = Mean time per level.
                   A        B        C        D        E       F      G
               +--------+--------+--------+--------+--------+-----+--------+
         Total |   6446 |   6283 |    163 |    709 |   4487 |   9 |  716.2 |
       Dungeon |   6254 |   6091 |    163 |    709 |   4346 |   7 |  893.4 |
        Temple |     16 |     16 |      0 |      0 |      0 |   1 |   16.0 |
        Bailey |    175 |    175 |      0 |      0 |    141 |   1 |  175.0 |
               +--------+--------+--------+--------+--------+-----+--------+

Top non-repeatable levels by time:
     D:5: 1255 daAuts
     D:4: 1247 daAuts
     D:2: 1037 daAuts
     D:6: 915 daAuts
     D:1: 869 daAuts
     D:3: 769 daAuts
  Bailey: 175 daAuts
     D:7: 160 daAuts
  Temple: 16 daAuts
